 Dungeon Crawl Stone Soup version 0.28-a0-1143-gcf6077d4cc (webtiles) character file.

Game seed: 15443803907653213157

784 tilp the Chiller (level 7, 30/30 HPs)
             Began as a Felid Ice Elementalist on Dec 13, 2021.
             Was a Believer of Ru.
             Quit the game on level 8 of the Dungeon.
             The game lasted 00:11:43 (10792 turns).

tilp the Chiller (Felid Ice Elementalist)          Turns: 10792, Time: 00:11:44

Health: 30/30      AC:  2    Str: 10    XL:     7   Next: 55%
Magic:  14/14      EV: 18    Int: 19    God:    Ru [**....]
Gold:   323        SH:  0    Dex: 16    Spells: 3/14 levels left
                                        Lives:  0   Deaths: 2

rFire   . . .      SeeInvis +     - Unarmed
rCold   . . .      Faith    .   (shield unavailable)
rNeg    . . .      Spirit   .   (armour unavailable)
rPois   +          Reflect  .   (helmet unavailable)
rElec   .          Harm     .   (cloak unavailable)
rCorr   .          Rampage  .   (gloves unavailable)
Will    +....                   (boots unavailable)
Stlth   +++.......              (no amulet)
HPRegen 0.10/turn               m - +6 ring of strength
MPRegen 0.14/turn               h - ring of poison resistance

@: quick
A: very small, claws 1, fangs 3, see invisible, speed 1, shaggy fur 2, hated by
all, stealthy paws, no weapons or thrown items, no armour, multi-lived
a: Renounce Religion


You were on level 8 of the Dungeon.
You worshipped Ru.
Ru was pleased with you.
You visited 2 branches of the dungeon, and saw 9 of its levels.

You collected 347 gold pieces.
You spent 24 gold pieces at shops.

Inventory:

Jewellery
 h - a ring of poison resistance (right paw)
 j - an amulet of guardian spirit
 m - a +6 ring of strength (left paw)
Wands
 i - a wand of iceblast (2)
 o - a wand of mindburst (6)
Scrolls
 b - a scroll of fog
 e - 2 scrolls of fear
Potions
 a - a potion of haste {unknown}
 c - a potion of mutation {unknown}
 d - 3 potions of curing
 f - a potion of lignification {unknown}
 g - a potion of heal wounds {unknown}
 k - a potion of attraction {unknown}
 l - 2 potions of flight {unknown}
 n - 2 potions of might {unknown}


   Skills:
 - Level 2.0 Fighting
 - Level 4.0 Dodging
 - Level 6.0 Stealth
 - Level 4.0 Unarmed Combat
 - Level 4.0 Spellcasting
 * Level 5.7 Conjurations
 + Level 7.3 Ice Magic


You had 3 spell levels left.
You knew the following spells:

 Your Spells              Type           Power      Damage    Failure   Level
a - Freeze                Ice            100%       1d11      1%          1
b - Frozen Ramparts       Ice            62%        1d8       1%          3
c - Ozocubu's Armour      Ice            31%        N/A       1%          3
d - Hailstorm             Conj/Ice       28%        3d8       10%         4

Your spell library contained the following spells:

 Spells                   Type           Power      Damage    Failure   Level
 Slow                     Hex            12%        N/A       14%         1
 Confusing Touch          Hex            3%         N/A       38%         3
 Yara's Violent Unravell  Hex/Tmut       1%         3d3       98%         5
 Ozocubu's Refrigeration  Ice            15%        4d8       99%         7
 Summon Small Mammal      Summ           Unusable   N/A       N/A         1
 Call Canine Familiar     Summ           Unusable   N/A       N/A         3
 Summon Guardian Golem    Hex/Summ       Unusable   N/A       N/A         3

Dungeon Overview and Level Annotations

Branches:
Dungeon (8/15)             Temple (1/1) D:5
   Lair: D:8-11

Altars:
Ashenzari
Cheibriados
Dithmenos
Elyvilon
Fedhas
Gozag
Hepliaklqana
Kikubaaqudgha
Makhleb
Nemelex Xobeh
Okawaru
Qazlal
Ru
Sif Muna
Trog
Uskayaw
Vehumet
Wu Jian
Xom
Yredelemnul
Zin
The Shining One

Shops:
D:2 *   D:6 (

Annotations:
D:6 dig vault
D:8 exclusion: wolf, Grum, Harold, Pikel


Innate Abilities, Weirdness & Mutations

You have sharp claws.
You have razor-sharp teeth.
You have supernaturally acute eyesight. (SInv)
You cover ground quickly. (Speed+)
You are covered in thick fur. (AC +2)
You are hated by all.
Your paws help you pounce on unaware monsters.
You are incapable of wielding weapons or throwing items.
You cannot wear armour.
You gain extra lives every three experience levels.


Message History

A lemure comes into view.
A lemure is nearby!
You see here a staff of conjuration.
A lemure and Pikel come into view.
Pikel is wielding a +1 whip of flaming.
Found a ring mail.
Found a stone staircase leading up.
You pounce on the unaware helpless lemure!
You mangle the lemure!!
You kill the lemure!
That felt strangely unrewarding.
You pounce on the unaware helpless Pikel!
You mangle Pikel!! You bite Pikel, but do no damage.
Pikel is heavily wounded.
The lemure shouts!
You hear a shout! x2
A lemure comes into view. x2
Pikel hits you with a +1 whip of flaming!
Pikel burns you.
Casting: Ozocubu's Armour (safe; 1% risk of failure)
Confirm with . or Enter, or press ? or * to list all spells.
Aiming: Freeze (safe; 1% risk of failure)
Press: ? - help, Shift-Dir - straight line, f - Pikel
Aim: Pikel, wielding a +1 whip of flaming and wearing a +0 robe (heavily wounded)
You freeze Pikel.
Pikel is severely wounded.
Pikel hits you with a +1 whip of flaming!
* * * LOW HITPOINT WARNING * * *
Pikel burns you.
* * * LOW HITPOINT WARNING * * *
Casting: Freeze (safe; 1% risk of failure)
Confirm with . or Enter, or press ? or * to list all spells.
Casting: Frozen Ramparts (safe; 1% risk of failure)
Press: ? - help, Dir - look around, f - activate The walls around you are covered in ice.
The wall freezes the lemure. x2; The wall freezes Pikel.
Pikel hits you with a +1 whip of flaming!
You die...
Pikel burns you.
The wall freezes the lemure.
You are now level 7!
You rejoin the land of the living...
Unknown command.
Are you sure you want to abandon this character and quit the game? (Confirm with "yes".)

. # # . #.#.#.
##### ...#.
....#
#...###.....#
....#.....#
...###........#
.......@......#
.#####.#.......
#. #...... ##
...##. #.>.
#.#. #. #.#
#.###.#
#...#.#####


There were no monsters in sight!

Vanquished Creatures
  A gargoyle (D:7)
  A water moccasin (D:5)
  A sky beast (D:7)
  An ice beast (D:7)
  A necrophage (D:7)
  2 ogres (D:5)
  2 centaurs (D:7)
  A kobold brigand (D:7)
  A lemure (D:8)
  2 scorpions
  3 bullfrogs (D:7)
  A water moccasin zombie (D:5)
  A water moccasin skeleton (D:6)
  2 bullfrog zombies
  3 hounds
  2 orc priests
  2 centaur skeletons
  A gnoll shaman (D:8)
  4 iguanas
  An orc wizard (D:8)
  A killer bee zombie (D:7)
  A hound zombie (D:5)
  2 hound skeletons (D:4)
  6 gnolls
  5 adders
  A white imp (D:4)
  2 ufetubi (D:5)
  3 adder skeletons (D:4)
  2 worms (D:2)
  2 dart slugs (D:3)
  11 orcs
  7 ball pythons
  7 endoplasms
  5 giant cockroaches
  3 goblins
  3 hobgoblins
  10 jackals
  15 kobolds
  4 quokkas
  5 bats
  5 frilled lizards
  5 rats
138 creatures vanquished.

Notes
Turn   | Place    | Note
-------+----------+-------------------------------------------
     0 | D:1      | tilp the Felid Ice Elementalist began the quest for the
                  | Orb.
     0 | D:1      | Reached XP level 1. HP: 7/7 MP: 4/4
   138 | D:1      | Reached skill level 1 in Unarmed Combat
   582 | D:1      | Reached XP level 2. HP: 11/11 MP: 6/6
  1210 | D:1      | Found a faded altar of an unknown god.
  1312 | D:1      | Reached XP level 3. HP: 13/14 MP: 5/7
  1381 | D:1      | Learned a level 3 spell: Frozen Ramparts
  1722 | D:2      | Reached skill level 4 in Ice Magic
  2371 | D:2      | Found Wopooh's Assorted Antiques.
  2376 | D:2      | Bought a puce potion for 24 gold pieces
  2946 | D:3      | Reached XP level 4. HP: 18/18 MP: 4/8
  2956 | D:3      | Learned a level 3 spell: Ozocubu's Armour
  3965 | D:4      | Reached XP level 5. HP: 18/21 MP: 6/10
  4137 | D:4      | Reached skill level 5 in Ice Magic
  5257 | D:5      | Entered Level 5 of the Dungeon
  5368 | D:5      | Reached skill level 6 in Ice Magic
  5368 | D:5      | Gained mutation: You are covered in thick fur. (AC +2)
                  | [Felid growth]
  5368 | D:5      | Reached XP level 6. HP: 23/24 MP: 3/11
  5555 | D:5      | Reached skill level 1 in Fighting
  5904 | D:5      | Noticed a water moccasin
  5911 | D:5      | Killed a water moccasin
  5912 | D:5      | Reached XP level 7. HP: 4/28 MP: 8/12
  6333 | D:5      | Found a staircase to the Ecumenical Temple.
  6363 | Temple   | Entered the Ecumenical Temple
  7086 | Temple   | Became a worshipper of Ru the Awakened
  7173 | D:5      | Reached skill level 5 in Stealth
  7936 | D:6      | Learned a level 4 spell: Hailstorm
  7999 | D:6      | Found Keblynt's Antique Weapon Shoppe.
  8130 | D:6      | Reached skill level 1 in Conjurations
  8346 | D:6      | Found a glowing silver altar of Zin.
  8617 | D:6      | Reached XP level 8. HP: 20/33 MP: 10/14
  9327 | D:7      | Gained mutation: You are hated by all. [Ru sacrifice]
  9327 | D:7      | Reached * piety under Ru
  9327 | D:7      | Reached ** piety under Ru
  9530 | D:7      | Shot with an arrow by a centaur
  9531 | D:7      | Reached XP level 7. HP: 0/29 MP: 11/14
  9684 | D:7      | Reached skill level 7 in Ice Magic
  9684 | D:7      | Reached XP level 8. HP: 23/33 MP: 5/15
 10052 | D:7      | Noticed a gargoyle
 10062 | D:7      | Killed a gargoyle
 10063 | D:7      | Reached skill level 5 in Conjurations
 10344 | D:8      | Noticed Harold
 10679 | D:8      | Noticed Grum
 10679 | D:8      | Noticed a two-headed ogre
 10785 | D:8      | Noticed Pikel
 10791 | D:8      | Slain by Pikel
 10792 | D:8      | Reached XP level 7. HP: 0/30 MP: 11/14
 10792 | D:8      | Quit the game

Illustrated notes

Levels and vault maps discovered:
D:1:      heliophobic_arrival_ceremonial_halls, layout_loops_ring,
          shapermc_ecumenical_altar_mp_urbaneastern
D:2:      layout_loops_ring, serial_shops, nicolae_shop_hallway_plus,
          minmay_puff
D:3:      layout_basic
D:4:      layout_loops_ring, minmay_bisected
D:5:      layout_layer_cave, minmay_temple_entry_proselytizer, st_stairs_2,
          kennysheep_generic_room_10
D:6:      layout_loops_ring, zin_scriptorium, serial_shops,
          nicolae_shop_hallway_stairs
D:7:      layout_rooms
D:8:      layout_rooms, uniq_prince_ribbit1, uniq_pikel, uniq_grum, uniq_erica,
          uniq_harold
Temple:   mainiacjoe_temple_starburst

Skill      XL: |  1  2  3  4  5  6  7  8 |
---------------+-------------------------+-----
Unarmed Combat | 1 2 3 4 |  4.0
Ice Magic      | 4 6 7 |  7.3
Spellcasting   | 3 4 |  4.0
Dodging        | 3 4 |  4.0
Stealth        | 3 6 |  6.0
Fighting       | 1 2 |  2.0
Conjurations   | 4 5 |  5.7

Action                   |  1- 3 |  4- 6 |  7- 9 || total
-------------------------+-------+-------+-------++-------
Melee: Unarmed           |    25 |   108 |   132 ||   265
       Bite              |     3 |    16 |    13 ||    32
       Punch             |       |     2 |     1 ||     3
 Cast: Freeze            |    59 |    21 |    21 ||   101
       Frozen Ramparts   |     5 |     6 |    23 ||    34
       Ozocubu's Armour  |       |     9 |    19 ||    28
       Hailstorm         |       |       |     2 ||     2
Invok: Sacrifice Love    |       |       |     1 ||     1
  Use: Scroll            |     3 |     6 |     3 ||    12
       Potion            |       |     1 |     3 ||     4
 Stab: Sleeping          |     7 |     5 |     7 ||    19
Armor: Skin              |     3 |    14 |    27 ||    44
Dodge: Dodged            |    48 |    97 |   128 ||   273

Table legend: (Time is in decaauts)
 A = Elapsed time spent in this place.
 B = Non-inter-level travel time spent in this place.
 C = Inter-level travel time spent in this place.
 D = Time resting spent in this place.
 E = Time spent auto-exploring this place.
 F = Levels seen in this place.
 G = Mean time per level.
                   A        B        C        D        E       F      G
               +--------+--------+--------+--------+--------+-----+--------+
         Total |   9703 |   9357 |    346 |   1755 |   6513 |   9 | 1078.1 |
       Dungeon |   9044 |   8781 |    263 |   1755 |   5945 |   8 | 1130.5 |
        Temple |    659 |    576 |     83 |      0 |    568 |   1 |  659.0 |
               +--------+--------+--------+--------+--------+-----+--------+

Top non-repeatable levels by time:
     D:1: 1702 daAuts
     D:5: 1690 daAuts
     D:6: 1162 daAuts
     D:7: 1073 daAuts
     D:3: 1059 daAuts
     D:4: 1036 daAuts
     D:2: 930 daAuts
  Temple: 659 daAuts
     D:8: 388 daAuts
